 Dungeon Crawl Stone Soup version 0.27-a0-869-g165b36e3f0 (webtiles) character file.

Game seed: 2327125838150178740

35 jestyr24 the Shield-Bearer (level 3, 33/33 HPs)
             Began as a Minotaur Fighter on Apr 2, 2021.
             Was a Follower of Dithmenos.
             Quit the game on level 2 of the Dungeon.
             The game lasted 00:04:36 (973 turns).

jestyr24 the Shield-Bearer (Minotaur Fighter)        Turns: 973, Time: 00:04:36

Health: 33/33      AC:  7    Str: 21    XL:     3   Next: 16%
Magic:  2/2        EV:  7    Int:  5    God:    Dithmenos [*.....]
Gold:   70         SH:  9    Dex:  9    Spells: 2/2 levels left

rFire    . . .     SeeInvis .   h - +2 short sword (speed)
rCold    . . .     Faith    .   c - +0 kite shield
rNeg     . . .     Spirit   .   b - +0 scale mail
rPois    .         Reflect  .   (helmet restricted)
rElec    .         Harm     .   (no cloak)
rCorr    .         Rampage  .   (no gloves)
Will     .....                  (no boots)
Stlth    ..........             (no amulet)
HPRegen  0.11/turn              (no ring)
MPRegen  0.08/turn              (no ring)

@: wreathed by umbra
A: horns 2, retaliatory headbutt
a: Renounce Religion


You were on level 2 of the Dungeon.
You worshipped Dithmenos.
Dithmenos was aware of your devotion.
You visited 1 branch of the dungeon, and saw 2 of its levels.

You collected 70 gold pieces.

Inventory:

Hand Weapons
 a - a +0 long sword
 f - a +1 dagger of draining
 h - a +2 short sword of speed (weapon)
Armour
 b - a +0 scale mail (worn)
 c - a +0 kite shield (worn)
Jewellery
 j - a +6 ring of strength
Scrolls
 g - 2 scrolls of blinking {unknown}
 i - 2 scrolls of identify {unknown}
Potions
 d - a potion of might
 e - a potion of curing {unknown}


   Skills:
 + Level 4.2 Fighting
 + Level 2.9 Long Blades
 + Level 3.8 Armour
 + Level 0.3 Dodging
 + Level 4.2 Shields


You had 2 spell levels left.
You didn't know any spells.
Your spell library was empty.

Dungeon Overview and Level Annotations

Branches:
Dungeon (2/15)

Altars:
Dithmenos


Innate Abilities, Weirdness & Mutations

You have a pair of horns on your head.
You reflexively headbutt those who attack you in melee.


Message History

You hit the hobgoblin but do no damage. You headbutt the hobgoblin.
You kill the hobgoblin!
Dithmenos accepts your kill.
Found a stone staircase leading up.
You see here a hobgoblin corpse.
You block the ball python's attack. The ball python grabs you.
The ball python constricts you. The ball python bites you.
The ball python constricts you.
You barely miss the ball python. You block the ball python's attack.
The ball python constricts you.
You closely miss the ball python. You block the ball python's attack.
The ball python constricts you.
You closely miss the ball python.
The ball python bites you but does no damage.
The ball python constricts you.
You hit the ball python. You headbutt the ball python.
You kill the ball python!
Dithmenos accepts your kill.
You see here a ball python corpse.
You see here a +1 helmet.
HP restored.
Found a stone staircase leading down.
Found a stone staircase leading down.
Found a leather armour.
A ball python comes into view.
The ball python bites you but does no damage.
You block the ball python's attack.
You barely miss the ball python.
You headbutt the ball python, but do no damage.
You block the ball python's attack. The ball python barely misses you.
You puncture the ball python!
You kill the ball python!
Dithmenos accepts your kill.
There is a stone staircase leading down here.
You now have 70 gold pieces (gained 7).
Found 11 stones.
Annotate which branch? (. - D:2, ? - help, ! - show branch list)
Okay, then.
Unknown command.
Are you sure you want to abandon this character and quit the game? (Confirm with "yes".)

# ####.
##.###....
#.#.#.#.#
#.#.....
#...#.#
#.#######..#.#
.#
#.....@....#.#
..##
#####.####.#.##
... #(
#...[###.# #.
##.....##.# #.
#.........## #.
#..........# #.
#.#...#.>..# #.
#.#####....# #.
#..###


There were no monsters in sight!

Vanquished Creatures
  A dart slug (D:1)
  4 endoplasms (D:1)
  2 giant cockroaches (D:1)
  4 hobgoblins
  4 jackals (D:1)
  A quokka (D:1)
  5 ball pythons
  2 bats (D:1)
  A frilled lizard (D:1)
  3 kobolds (D:1)
  A rat (D:1)
28 creatures vanquished.

Notes
Turn   | Place    | Note
-------+----------+-------------------------------------------
     0 | D:1      | jestyr24 the Minotaur Fighter began the quest for the Orb.
     0 | D:1      | Reached XP level 1. HP: 19/19 MP: 0/0
   247 | D:1      | Reached XP level 2. HP: 27/27 MP: 1/1
   384 | D:1      | Found a faded altar of an unknown god.
   391 | D:1      | Became a worshipper of Dithmenos the Shadowed
   391 | D:1      | Reached * piety under Dithmenos
   761 | D:1      | Reached XP level 3. HP: 33/33 MP: 2/2
   973 | D:2      | Quit the game

Illustrated notes

Levels and vault maps discovered:
D:1:      shiori_arrival_maze, layout_loops_ring, basic_ecumenical_altar
D:2:      layout_loops_ring, serial_bayou, serial_bayou_pond_d,
          serial_bayou_pond_e, serial_bayou_ford_a, serial_bayou_pond_e

Skill      XL: |  1  2 |
---------------+-------+-----
Shields        | 4 |  4.2
Fighting       | 4 |  4.2
Long Blades    | |  2.9
Armour         | |  3.8
Dodging        | |  0.3

Action                   || total
-------------------------++-------
Melee: Long sword        ||    36
       Headbutt          ||    14
       Short sword       ||    35
Armor: Scale mail        ||    29
Dodge: Dodged            ||    13
Block: Kite shield       ||    43
       Rpst.: Long sword ||     2

Table legend: (Time is in decaauts)
 A = Elapsed time spent in this place.
 B = Non-inter-level travel time spent in this place.
 C = Inter-level travel time spent in this place.
 D = Time resting spent in this place.
 E = Time spent auto-exploring this place.
 F = Levels seen in this place.
 G = Mean time per level.
                   A        B        C        D        E       F      G
               +--------+--------+--------+--------+--------+-----+--------+
         Total |    987 |    987 |      0 |     55 |    660 |   2 |  493.5 |
       Dungeon |    987 |    987 |      0 |     55 |    660 |   2 |  493.5 |
               +--------+--------+--------+--------+--------+-----+--------+

Top non-repeatable levels by time:
     D:1: 938 daAuts
     D:2: 49 daAuts
